 Dungeon Crawl Stone Soup version 0.30-a0-377-g5cb311bc9f (webtiles) character file.

Game seed: 2599265382398192768

56 retardedninja the Trooper (level 3, 0/33 HPs)
             Began as a Hill Orc Fighter on Nov 30, 2022.
             Slain by a river rat (1 damage)
             ... on level 3 of the Dungeon.
             The game lasted 00:02:43 (1569 turns).

retardedninja the Trooper (Hill Orc Fighter)        Turns: 1569, Time: 00:02:43

Health: 0/33       AC:  9    Str: 20    XL:     3   Next: 95%
Magic:  3/3        EV:  3    Int:  8    God:
Gold:   48         SH: 13    Dex: 10    Spells: 2/2 levels left

rFire   . . .      SeeInvis .    a - +1 war axe
rCold   . . .      Faith    .    m - +1 tower shield
rNeg    . . .      Spirit   .    j - +0 chain mail
rPois   .          Reflect  .    (no helmet)
rElec   .          Harm     .    (no cloak)
rCorr   .          Rampage  .    (no gloves)
Will    .....                    (no boots)
Stlth   ..........               (no amulet)
HPRegen 0.25/turn                (no ring)
MPRegen 0.08/turn                (no ring)

@: mighty, brilliant, very slow
A: no striking features
a: no special abilities


You were on level 3 of the Dungeon.
You visited 1 branch of the dungeon, and saw 3 of its levels.

You collected 48 gold pieces.

Inventory:

Hand Weapons
 a - a +1 war axe (weapon)
Armour
 j - a +0 chain mail (worn)
 m - a +1 tower shield (worn)
Jewellery
 c - a +4 ring of slaying
 n - a ring of magical power
 o - a ring of see invisible
Potions
 e - 2 potions of lignification {unknown}
 h - 2 potions of degeneration
 i - a potion of brilliance
 k - a potion of cancellation {unknown}
 l - a potion of curing {unknown}


   Skills:
 + Level 4.1 Fighting
 * Level 4.0 Axes
 + Level 3.7 Armour
 + Level 3.7 Shields


You had 2 spell levels left.
You didn't know any spells.
Your spell library was empty.

Dungeon Overview and Level Annotations

Branches:
Dungeon (3/15)

Altars:
Cheibriados
Yredelemnul


Message History

The river rat bites you but does no damage.
The giant cockroach bites you but does no damage.
The river rat bites you but does no damage.
You block the kobold's attack. The river rat bites you.
You slash the giant cockroach!
You kill the giant cockroach!
You completely miss the river rat. You hit the kobold.
You kill the kobold!
You closely miss the river rat. You block the river rat's attack.
The river rat bites you but does no damage. x2
You block the river rat's attack.
Your unstable footing causes you to fumble your attack.
You block the river rat's attack.
The river rat bites you but does no damage.
Unknown command.
Your unstable footing causes you to fumble your attack.
You block the river rat's attack.
The river rat bites you but does no damage.
You block the worm's attack. The river rat bites you.
You block the river rat's attack.
You hit the worm.
The worm is moderately wounded.
You hit the river rat. You barely miss the river rat.
You block the river rat's attack. The river rat bites you.
The worm bites you but does no damage. The river rat bites you!
* * * LOW HITPOINT WARNING * * *
You block the river rat's attack.
You feel very mighty all of a sudden. You block the worm's attack.
The river rat bites you.
* * * LOW HITPOINT WARNING * * *
The river rat barely misses you.
Your unstable footing causes you to fumble your attack.
The river rat bites you!
* * * LOW HITPOINT WARNING * * *
You block the river rat's attack. You block the worm's attack.
Unknown command.
It was a potion of brilliance.
You feel clever all of a sudden. The river rat bites you.
You die...

.... #... #... #...# ###
#....+##~~###
#.#.#rr~~~~+
#...#@w~~~~+ #.)##~~###
## ##..####.###...##
##..K.....[?....
#########.............##
#.........#.###....####
######.####......#
#....# #......#
#.#.....##....# #.######
#.##.##.##.####


You could see a worm and 2 river rats.

Vanquished Creatures
  2 adders (D:3)
  4 endoplasms
  7 giant cockroaches
  2 goblins (D:1)
  2 hobgoblins
  A quokka (D:2)
  4 ball pythons
  3 bats
  A frilled lizard (D:2)
  5 kobolds
  5 rats
36 creatures vanquished.

Vanquished Creatures (others)
  A fungus (D:1)
  2 plants (D:1)
3 creatures vanquished.

Grand Total: 39 creatures vanquished

Notes
Turn   | Place    | Note
-------+----------+-------------------------------------------
     0 | D:1      | retardedninja the Hill Orc Fighter began the quest for the
                  | Orb.
     0 | D:1      | Reached XP level 1. HP: 19/19 MP: 1/1
   157 | D:1      | Reached XP level 2. HP: 26/27 MP: 2/2
   202 | D:1      | Found a faded altar of an unknown god.
   954 | D:2      | Found a basalt altar of Yredelemnul.
  1051 | D:2      | Reached XP level 3. HP: 33/33 MP: 3/3
  1477 | D:3      | Found a snail-covered altar of Cheibriados.
  1568 | D:3      | HP: 1/33 [river rat (7)]
  1569 | D:3      | Slain by a river rat

Illustrated notes

Levels and vault maps discovered:
D:1:      matt_arrival_refuge, layout_basic,
          shapermc_ecumenical_altar_mp_ritualfount, serial_rivers,
          chequers_serial_rivers_large_a, chequers_serial_rivers_micro_b,
          chequers_serial_rivers_micro_c, chequers_serial_rivers_micro_b,
          chequers_serial_rivers_room_b, chequers_serial_rivers_marsh
D:2:      layout_basic, basic_altar
D:3:      layout_loops_cross, mainiacjoe_overflow_six_doors_small,
          gup_sewer_entry_bowl

Skill      XL: |  1  2  3 |
---------------+----------+-----
Axes           | 3 4 |  4.0
Fighting       | 4 |  4.1
Armour         | |  3.7
Shields        | |  3.7

Action                   || total
-------------------------++-------
Melee: War axe           ||    96
  Use: Scroll            ||     4
       Potion            ||     2
Armor: Scale mail        ||    18
       Chain mail        ||    42
Dodge: Dodged            ||    34
Block: Buckler           ||     6
       Tower shield      ||    61

Table legend: (Time is in decaauts)
 A = Elapsed time spent in this place.
 B = Non-inter-level travel time spent in this place.
 C = Inter-level travel time spent in this place.
 D = Time resting spent in this place.
 E = Time spent auto-exploring this place.
 F = Levels seen in this place.
 G = Mean time per level.
                   A        B        C        D        E       F      G
               +--------+--------+--------+--------+--------+-----+--------+
         Total |   1634 |   1560 |     74 |      0 |   1222 |   3 |  544.7 |
       Dungeon |   1634 |   1560 |     74 |      0 |   1222 |   3 |  544.7 |
               +--------+--------+--------+--------+--------+-----+--------+

Top non-repeatable levels by time:
     D:1: 982 daAuts
     D:2: 535 daAuts
     D:3: 116 daAuts
